 Dungeon Sprint DCSS version 0.22.1-1-ga44c0e56f4 (webtiles) character file.

4419 MuseOD the Unseen (level 10, -7/56 HPs)
             Began as a Spriggan Enchanter on Sept 21, 2018.
             Was an Elder of Dithmenos.
             Mangled by a lindwurm (8 damage)
             ... summoned by Kirke
             ... in the Dungeon (Sprint II: "The Violet Keep of Menkaure").
             The game lasted 00:04:07 (905 turns).

MuseOD the Unseen (Spriggan Enchanter)               Turns: 905, Time: 00:04:08

Health: -7/56      AC:  2    Str:  2    XL:     10   Next: 14%
Magic:  10/26      EV: 18    Int: 19    God:    Dithmenos [****..]
Gold:   534        SH:  0    Dex: 18    Spells: 14/32 levels left

rFire    . . .     SeeInvis +   a - +1 dagger
rCold    . . .     Gourm    .   (shield restricted)
rNeg     . . .     Faith    .   b - +0 robe
rPois    .         Spirit   .   (helmet restricted)
rElec    .         Reflect  .   (no cloak)
rCorr    .         Harm     .   (gloves unavailable)
MR       +....     NoTele   +   (boots unavailable)
Stlth    ++++++++++             (no amulet)
HPRegen  0.18/turn              (no ring)
MPRegen  0.20/turn              (no ring)

@: very slightly contaminated, wreathed by umbra, invisible, very quick
A: very small, unfitting armour, see invisible, herbivore, speed 3, slow
metabolism 2, weak 1
a: Shadow Step, Renounce Religion


You were in the Dungeon.
You worshipped Dithmenos.
Dithmenos was greatly pleased with you.
You were not hungry.

You visited 1 branch You collected 1134 gold pieces.
You spent 600 gold pieces at shops.

Inventory:

Hand Weapons
 a - a +1 dagger (weapon)
Armour
 b - a +0 robe (worn)
Scrolls
 c - a scroll of immolation {unknown}
 i - a scroll of fog {unknown}
 j - a scroll of blinking
Potions
 g - a potion of haste
 h - 2 potions of magic
Comestibles
 d - a ration


   Skills:
 + Level 8.2 Fighting
 + Level 11.6 Short Blades
 - Level 3.0 Dodging
 + Level 19.7 Stealth
 - Level 11.6 Spellcasting
 - Level 11.9 Hexes


You had 14 spell levels left.
You knew the following spells:

 Your Spells              Type           Power        Failure   Level  Hunger
a - Corona                Hex            ######.      1%          1    None
b - Ensorcelled Hibernat  Hex/Ice        ####..       1%          2    None
c - Confuse               Hex            ######..     1%          3    None
d - Dazzling Spray        Conj/Hex       ####..       1%          3    None
e - Tukima's Dance        Hex            ######..     1%          3    None
f - Invisibility          Hex            ######..     7%          6    ######.

Your spell library contained the following spells:

 Spells                   Type           Power        Failure   Level  Hunger
 Apportation              Tloc           ##....       6%          1    None
 Summon Butterflies       Summ           ##......     6%          1    None
 Lesser Beckoning         Tloc           ##........   19%         3    None
 Alistair's Intoxication  Tmut/Pois      ##......     87%         5    ####...


Dungeon Overview and Level Annotations

Branches:
Dungeon (1/1)

Altars:
Cheibriados
Dithmenos
Elyvilon
Fedhas
Gozag
Hepliaklqana
Kikubaaqudgha
Makhleb
Nemelex Xobeh
Okawaru
Qazlal
Ru
Sif Muna
Trog
Uskayaw
Vehumet
Wu Jian
Xom
Yredelemnul
Zin
The Shining One
Beogh
Jiyva
Lugonu

Shops:
D :[:}?!!(=(!%}=[(

Annotations:
D exclusion: oklob plant, Kirke


Innate Abilities, Weirdness & Mutations

You are very small and have problems with some larger weapons.
You are too small for most types of armour.
You have supernaturally acute eyesight. (SInv)
You are a herbivore.
You cover ground extremely quickly.
You need to consume almost no food.
You are weak. (Str -2)


Message History

Confirm with . or Enter, or press ? or * to list all spells.
Okay, then.
You catch the helpless kobold demonologist completely off-guard!
You skewer the kobold demonologist like a kebab!!!
You kill the kobold demonologist!
Dithmenos accepts your kill.
Kirke mumbles some strange words.
Kirke summons a lindwurm!
The centaur warrior wields a longbow.
The centaur warrior shoots an arrow.
The arrow barely misses the lindwurm.
The arrow hits you!!
* * * LOW HITPOINT WARNING * * *
You hit the lindwurm but do no damage.
You feel much better. Kirke hits you. The lindwurm closely misses you. x2
The lindwurm claws you.
You hit the lindwurm.
The lindwurm is lightly wounded.
Kirke hits you! The lindwurm bites you!!
* * * LOW HITPOINT WARNING * * *
The lindwurm completely misses you. The lindwurm claws you!
You die...

+#### §§≈§§§≈## ≈≈§§§≈§##
#### §≈8§§§≈§# #Y.@####
§§§≈§≈ #czk@.≈## §§§≈
############≈≈#+++#+++##
###########≈≈≈.........#
##.....∩.∩#≈≈≈≈.##'##..#
##....∩.∩.#≈≈≈≈##.#.##.####
##...∩.∩..#≈≈≈≈#..#..# ...#
##..∩.∩...#≈≈####.#.####..#
##.⌠.∩....#≈##.###'###.##..
##..∩.∩...#≈#...##.##...#..


You could see Kirke, an elephant (wandering), a skeletal warrior, a centaur
warrior and a lindwurm (wandering).

Vanquished Creatures
  A yaktaur captain (D)
  2 hell hogs (D)
  A death drake (D)
  A merfolk siren (D)
  A kobold demonologist (D)
  A yaktaur (D)
  2 tyrant leeches (D)
  3 polar bears (D)
  A hornet (D)
  A vampire mosquito (D)
  A crocodile (D)
  4 worker ants (D)
  3 worms (D)
22 creatures vanquished.

Vanquished Creatures (others)
  Menkaure (D)
  A swamp drake (D)
  A crocodile (D)
3 creatures vanquished.

Grand Total: 25 creatures vanquished

Notes
Turn   | Place    | Note
-------+----------+-------------------------------------------
     0 | D        | MuseOD the Spriggan Enchanter began the quest for the Orb.
     0 | D        | Reached XP level 1. HP: 9/9 MP: 5/5
     9 | D        | Noticed a tyrant leech
     9 | D        | Noticed a tyrant leech
    10 | D        | Killed Menkaure
    12 | D        | Noticed a merfolk siren
    15 | D        | Noticed a worker ant
    15 | D        | Noticed a worker ant
    15 | D        | Noticed a worker ant
    15 | D        | Noticed a worker ant
    19 | D        | Killed a worker ant
    19 | D        | Reached skill level 6 in Stealth
    19 | D        | Reached XP level 2. HP: 10/15 MP: 6/6
    24 | D        | Reached skill level 5 in Short Blades
    24 | D        | Reached XP level 3. HP: 14/19 MP: 8/8
    31 | D        | Reached skill level 7 in Stealth
    31 | D        | Reached XP level 4. HP: 18/24 MP: 9/9
    36 | D        | Killed a crocodile
    37 | D        | Reached skill level 8 in Stealth
    43 | D        | Learned a level 2 spell: Ensorcelled Hibernation
    47 | D        | Learned a level 3 spell: Confuse
    73 | D        | Noticed an obsidian statue
    77 | D        | Found Urajag's Antique Armour Emporium.
    78 | D        | Found Peemed's Gadget Shoppe.
    79 | D        | Found Peypt's Antique Weapon Shoppe.
    79 | D        | Found Jyrer's Jewellery Emporium.
    79 | D        | Found Uhilois's Antique Weapon Shoppe.
    80 | D        | Noticed a vampire mosquito
    82 | D        | Killed a vampire mosquito
    82 | D        | Reached skill level 10 in Stealth
    82 | D        | Reached XP level 5. HP: 20/28 MP: 9/14
   101 | D        | Found a blossoming altar of Fedhas.
   102 | D        | Found a white marble altar of Elyvilon.
   103 | D        | Found a shadowy altar of Dithmenos.
   103 | D        | Found a corrupted altar of Lugonu.
   103 | D        | Found an opulent altar of Gozag.
   103 | D        | Found a burning altar of Makhleb.
   104 | D        | Found a snail-covered altar of Cheibriados.
   104 | D        | Found an ancient bone altar of Kikubaaqudgha.
   104 | D        | Found a bloodstained altar of Trog.
   104 | D        | Found a sparkling altar of Nemelex Xobeh.
   104 | D        | Found a hide-covered altar of Uskayaw.
   105 | D        | Found a roughly hewn altar of Beogh.
   105 | D        | Found a viscous altar of Jiyva.
   105 | D        | Found a deep blue altar of Sif Muna.
   106 | D        | Found a hazy altar of Hepliaklqana.
   106 | D        | Found a sacrificial altar of Ru.
   107 | D        | Found a shimmering altar of Xom.
   108 | D        | Found a stormy altar of Qazlal.
   108 | D        | Found an ornate altar of the Wu Jian Council.
   108 | D        | Found a basalt altar of Yredelemnul.
   108 | D        | Found a glowing golden altar of the Shining One.
   109 | D        | Found a radiant altar of Vehumet.
   109 | D        | Found an iron altar of Okawaru.
   109 | D        | Found a glowing silver altar of Zin.
   111 | D        | Noticed a crocodile
   112 | D        | Became a worshipper of Dithmenos the Shadowed
   120 | D        | Noticed a hell hog
   121 | D        | Noticed a hell hog
   122 | D        | Killed a hell hog
   122 | D        | Reached skill level 14 in Stealth
   122 | D        | Reached skill level 10 in Spellcasting
   122 | D        | Reached skill level 10 in Hexes
   122 | D        | Reached XP level 6. HP: 22/32 MP: 14/20
   122 | D        | Reached XP level 7. HP: 24/36 MP: 14/21
   124 | D        | Killed a hell hog
   124 | D        | Reached * piety under Dithmenos
   124 | D        | Reached skill level 16 in Stealth
   124 | D        | Reached XP level 8. HP: 27/40 MP: 15/24
   133 | D        | Learned a level 3 spell: Dazzling Spray
   137 | D        | Learned a level 3 spell: Tukima's Dance
   147 | D        | Noticed a yaktaur
   147 | D        | Noticed a hornet
   147 | D        | Noticed a polar bear
   147 | D        | Noticed a polar bear
   147 | D        | Noticed a polar bear
   154 | D        | Killed a polar bear
   162 | D        | Killed a hornet
   166 | D        | Killed a yaktaur
   166 | D        | Reached ** piety under Dithmenos
   168 | D        | Killed a polar bear
   168 | D        | Reached skill level 5 in Fighting
   168 | D        | Reached skill level 17 in Stealth
   168 | D        | Reached XP level 9. HP: 21/47 MP: 7/25
   173 | D        | Killed a polar bear
   344 | D        | Noticed a death drake
   355 | D        | Noticed a death drake
   355 | D        | Noticed a crystal guardian
   363 | D        | Killed a death drake
   363 | D        | Reached skill level 18 in Stealth
   489 | D        | Reached *** piety under Dithmenos
   540 | D        | Killed a tyrant leech
   540 | D        | Reached skill level 10 in Short Blades
   550 | D        | Killed a tyrant leech
   550 | D        | Reached **** piety under Dithmenos
   559 | D        | Killed a merfolk siren
   564 | D        | Found Puixtyli's Magic Scroll Shoppe.
   564 | D        | Found Pyzuduxt's Food Shoppe.
   564 | D        | Found Seiplek's Gadget Emporium.
   564 | D        | Found Qaopos's Jewellery Shoppe.
   564 | D        | Found Wicau's Distillery.
   564 | D        | Found Niurgh's Antique Weapon Shoppe.
   564 | D        | Found Kuschir's Distillery.
   565 | D        | Found Tysoefoz's Book Shoppe.
   565 | D        | Found Zieclye's Antique Armour Emporium.
   566 | D        | Found Rotzafil's Distillery.
   567 | D        | Noticed an oklob plant
   568 | D        | Found Qiannoge's Book Shoppe.
   575 | D        | Bought a book of Party Tricks for 600 gold pieces
   619 | D        | Learned a level 6 spell: Invisibility
   620 | D        | Noticed an ice statue
   698 | D        | Gained mutation: You are weak. (Str -2) [mutagenic glow]
   893 | D        | Noticed Kirke
   893 | D        | Noticed a kobold demonologist
   893 | D        | Noticed a yaktaur captain
   896 | D        | Noticed a centaur warrior
   897 | D        | Noticed an elephant
   898 | D        | Noticed a skeletal warrior
   899 | D        | Killed a yaktaur captain
   899 | D        | Reached skill level 19 in Stealth
   899 | D        | Reached XP level 10. HP: 52/56 MP: 9/26
   903 | D        | Noticed a lindwurm
   905 | D        | HP: 1/56 [lindwurm[Kirke] (18)]
   905 | D        | Mangled by a lindwurm

Skill      XL: |  1  2  3  4  5  6  7  8  9 |
---------------+----------------------------+-----
Fighting       | 2 3 5 8 |  8.2
Short Blades   | 4 5 6 8 11 | 11.6
Stealth        | 6 7 10 14 16 17 19 | 19.7
Spellcasting   | 6 10 11 | 11.6
Hexes          | 6 10 11 | 11.9
Dodging        | |  3.0

Action                   |  1- 3 |  4- 6 |  7- 9 | 10-12 || total
-------------------------+-------+-------+-------+-------++-------
Melee: Dagger            |    14 |     8 |    67 |     4 ||    93
 Cast: Confuse           |       |       |    10 |       ||    10
       Invisibility      |       |       |     3 |       ||     3
       Ensorcelled Hiber |       |       |     1 |       ||     1
Invok: Shadow Step       |       |       |     1 |       ||     1
  Use: Potion            |     1 |       |     1 |     1 ||     3
 Stab: Sleeping          |       |     2 |     6 |       ||     8
       Confused          |       |       |    12 |       ||    12
       Invisible         |       |       |       |     1 ||     1
Armor: Robe              |     1 |       |     1 |       ||     2
Dodge: Dodged            |     6 |     2 |    13 |     3 ||    24
